 Dungeon Crawl Stone Soup version 0.30-a0-339-g89bb51ec76 (webtiles) character file.

Game seed: 5283030986254461477

1456602 Twinkles the Conqueror (level 27, 242/245 HPs)
             Began as a Hill Orc Fighter on Oct 29, 2022.
             Was a High Priest of the Shining One.
             Escaped with the Orb
             ... and 3 runes on Oct 31, 2022!
             The game lasted 08:32:32 (97610 turns).

Twinkles the Conqueror (Hill Orc Fighter)          Turns: 97610, Time: 08:32:33

Health: 242/245    AC: 55    Str: 43    XL:     27
Magic:  39/39      EV: 16    Int: 11    God:    the Shining One [*****.]
Gold:   4412       SH: 22    Dex: 16    Spells: 19/26 levels left

rFire   + + .      SeeInvis .    b - +9 trishula (holy)
rCold   + . .      Faith    .    i - +0 tower shield "Dafick" {Str+7 Dex+3}
rNeg    + + +      Spirit   .    l - +15 plate armour "Bihew" {+Blink Dex+2 Slay+3}
rPois   +          Reflect  .    r - +2 helmet {Int+3}
rElec   +          Harm     .    I - +5 cloak of Boiling Hail {rElec rC+ Dex+4 Stlth-}
rCorr   +          Rampage  .    q - +3 pair of gauntlets of War {Slay+5}
Will    +++++      Clarity  +    n - +2 pair of boots
Stlth   ..........               k - amulet of the Four Winds {rN+ Will+++ Clar}
HPRegen 0.60/turn                g - ring of Light {rCorr Str+3 Dex-3 Slay+4}
MPRegen 0.26/turn                Z - ring "Coec" {rPois rF++}

@: glowing, studying Staves
A: talons 1, iridescent scales 1, frail 1, wild magic 1
0: Orb of Zot
}: 3/15 runes: decaying, serpentine, slimy
a: Renounce Religion, Evoke Blink, Divine Shield, Cleansing Flame, Summon Divine
Warrior


You escaped.
You worshipped the Shining One.
The Shining One was extremely pleased with you.
You visited 12 branches of the dungeon, and saw 55 of its levels.
You visited the Abyss 1 time.
You also visited: Gauntlet and Ice Cave.

You collected 8751 gold pieces.
You spent 4339 gold pieces at shops.

Inventory:

Hand Weapons
 a - the +8 mithril axe "Arga" {speed, Will+}
   (You bought it in a shop on level 1 of the Vaults)

   Attacks with this weapon are significantly faster.
   Will:      It increases your willpower.
 b - a +9 trishula of holy wrath (weapon)
 c - the +3 Elemental Staff {rElec rF++ rC++ AC+5}
   (You acquired it on level 13 of the Dungeon)

   If the wielder is skilled in Evocations, they can discharge powerful blasts
   of elemental energy when striking with it.
   It enhances your fire, ice, earth and air magic.
   AC:        It affects your AC (+5).
   rF:        It greatly protects you from fire.
   rC:        It greatly protects you from cold.
   rElec:     It insulates you from electricity.
Missiles
 p - 9 throwing nets
 u - 79 poisoned darts (quivered)
 v - 12 curare-tipped darts
Armour
 i - the +0 tower shield "Dafick" (worn) {Str+7 Dex+3}
   (You acquired it on level 13 of the Dungeon)

   Str:       It affects your strength (+7).
   Dex:       It affects your dexterity (+3).
 l - the +15 plate armour "Bihew" (worn) {+Blink Dex+2 Slay+3}
   (You took it off an orc warrior on level 6 of the Dungeon)

   Dex:       It affects your dexterity (+2).
   Slay:      It affects your accuracy & damage with ranged weapons and melee
   (+3).
   +Blink:    It lets you blink.
 n - a +2 pair of boots (worn)
 q - the +3 pair of gauntlets of War (worn) {Slay+5}
   (You found it on level 5 of the Pits of Slime)

   Slay:      It affects your accuracy & damage with ranged weapons and melee
   (+5).
 r - a +2 helmet of intelligence (worn)
 I - the +5 cloak of Boiling Hail (worn) {rElec rC+ Dex+4 Stlth-}
   (You found it on level 3 of the Elven Halls)

   Dex:       It affects your dexterity (+4).
   rC:        It protects you from cold.
   rElec:     It insulates you from electricity.
   Stlth:     It makes you less stealthy.
Jewellery
 f - a ring of flight
 g - the ring of Light (left hand) {rCorr Str+3 Dex-3 Slay+4}
   (You found it on level 5 of the Pits of Slime)

   [ring of slaying]

   Str:       It affects your strength (+3).
   Dex:       It affects your dexterity (-3).
   Slay:      It affects your accuracy & damage with ranged weapons and melee
   (+4).
   rCorr:     It protects you from acid and corrosion.
 k - the amulet of the Four Winds (around neck) {rN+ Will+++ Clar}
   (You took it off a spriggan defender on level 4 of the Depths)

   [amulet of nothing]

   rN:        It protects you from negative energy.
   Clar:      It protects you against confusion.
   Will:      It greatly increases your willpower.
 x - the ring of the Omega Point {Wiz MP+9}
   (You took it off a hell knight on level 2 of the Depths)

   [ring of wizardry]

   It improves your spell success rate.
   MP:        It affects your magic capacity (+9).
 F - the ring of Uristucs {Wiz rElec rF+}
   (You found it on level 3 of the Depths)

   [ring of wizardry]

   It improves your spell success rate.
   rF:        It protects you from fire.
   rElec:     It insulates you from electricity.
 L - the ring of Conflict {Will+ rCorr Dex+3}
   (You found it on level 2 of the Realm of Zot)

   [ring of willpower]

   Dex:       It affects your dexterity (+3).
   rCorr:     It protects you from acid and corrosion.
   Will:      It increases your willpower.
 Z - the ring "Coec" (right hand) {rPois rF++}
   (You took it off a spriggan air mage on level 2 of the Depths)

   [ring of poison resistance]

   rF:        It greatly protects you from fire.
   rPois:     It protects you from poison.
Wands
 d - a wand of digging (13)
 e - a wand of charming (71)
 j - a wand of polymorph (30)
 o - a wand of light (32)
 t - a wand of roots (33)
 y - a wand of mindburst (51)
Scrolls
 h - 10 scrolls of poison
 s - 12 scrolls of butterflies
 D - 6 scrolls of blinking
 E - 10 scrolls of fear
 K - 9 scrolls of immolation
 O - 3 scrolls of silence
 S - 4 scrolls of summoning
 V - 9 scrolls of vulnerability
 W - 4 scrolls of enchant armour
 X - 3 scrolls of magic mapping
 Y - 16 scrolls of teleportation
Potions
 A - 9 potions of attraction
 B - 12 potions of brilliance
 C - 6 potions of cancellation
 G - 7 potions of ambrosia
 H - 6 potions of haste
 J - 20 potions of curing
 M - 3 potions of might
 N - 7 potions of heal wounds
 P - 6 potions of lignification
 Q - 4 potions of magic
 R - 3 potions of resistance
 T - 3 potions of berserk rage
 U - 3 potions of mutation
Miscellaneous
 m - a phantom mirror
 w - a phial of floods
 z - a box of beasts


   Skills:
 O Level 27 Fighting
 - Level 18.0(19.7) Axes
 - Level 6.1(11.6) Maces & Flails
 - Level 10.1(14.0) Polearms
 - Level 20.0 Armour
 - Level 15.0 Dodging
 - Level 20.0 Shields
 - Level 19.4 Earth Magic
 + Level 24.1 Invocations
 * Level 15.8 Evocations


You had 19 spell levels left.
You knew the following spells:

 Your Spells              Type           Power      Damage    Failure   Level
a - Passwall              Tmut/Erth      22%        N/A       10%         2
b - Lee's Rapid Deconstr  Erth           27%        3d14*     3%          5

Your spell library contained the following spells:

 Spells                   Type           Power      Damage    Failure   Level
 Animate Armour           Summ/Erth      54%        N/A       45%         4
 Leda's Liquefaction      Hex/Erth       13%        N/A       45%         4
 Petrify                  Tmut/Erth      27%        N/A       45%         4
 Borgnjor's Vile Clutch   Necr/Erth      13%        N/A       78%         5
 Apportation              Tloc           0%         N/A       94%         1
 Foxfire                  Conj/Fire      0%         2x1d4     94%         1
 Freeze                   Ice            0%         1d3       94%         1
 Kiss of Death            Conj/Necr      0%         2d5       94%         1
 Necrotise                Necr           0%         1d4       94%         1
 Slow                     Hex            0%         N/A       94%         1
 Sting                    Tmut/Pois      0%         1d3       94%         1
 Summon Small Mammal      Summ           0%         N/A       94%         1
 Cigotuvi's Dreadful Rot  Necr/Pois/Air  0%         N/A       98%         2
 Ensorcelled Hibernation  Hex/Ice        0%         N/A       98%         2
 Scorch                   Fire           0%         2d5       98%         2
 Sublimation of Blood     Necr           0%         N/A       98%         2
 Confusing Touch          Hex            0%         N/A       100%        3
 Dazzling Flash           Conj/Hex       0%         N/A       100%        3
 Frozen Ramparts          Ice            0%         1d1       100%        3
 Gell's Gravitas          Tloc           0%         N/A       100%        3
 Hailstorm                Conj/Ice       0%         3d3       100%        3
 Inner Flame              Hex/Fire       0%         N/A       100%        3
 Kindle Blastsparks       Fire/Tloc/Air  0%         2d10      100%        3
 Lesser Beckoning         Tloc           0%         N/A       100%        3
 Ozocubu's Armour         Ice            0%         N/A       100%        3
 Summon Guardian Golem    Hex/Summ       0%         N/A       100%        3
 Swiftness                Air            0%         N/A       100%        3
 Teleport Other           Tloc           0%         N/A       100%        3
 Tukima's Dance           Hex            0%         N/A       100%        3
 Vampiric Draining        Necr           0%         2d6       100%        3
 Animate Dead             Necr           0%         N/A       100%        4
 Dispel Undead            Necr           0%         3d6       100%        4
 Flame Wave               Conj/Fire      0%         2d4       100%        4
 Ice Form                 Ice/Tmut       0%         N/A       100%        4
 Iskenderun's Mystic Bla  Conj/Tloc      0%         2d3       100%        4
 Manifold Assault         Tloc           0%         N/A       100%        4
 Passage of Golubria      Tloc           0%         N/A       100%        4
 Sticky Flame             Conj/Fire      0%         2d3       100%        4
 Summon Lightning Spire   Summ/Air       0%         N/A       100%        4
 Alistair's Intoxication  Tmut/Pois      0%         N/A       100%        5
 Blade Hands              Tmut           0%         N/A       100%        5
 Fireball                 Conj/Fire      0%         3d3       100%        5
 Freezing Cloud           Conj/Ice/Air   0%         6-21      100%        5
 Irradiate                Conj/Tmut      0%         3d11      100%        5
 Iskenderun's Battlesphe  Conj           0%         2d6       100%        5
 Lightning Bolt           Conj/Air       0%         1d11      100%        5
 Metabolic Englaciation   Hex/Ice        0%         N/A       100%        5
 Yara's Violent Unravell  Hex/Tmut       0%         3d3       100%        5
 Conjure Ball Lightning   Conj/Air       0%         3x3d6     100%        6
 Death Channel            Necr           0%         N/A       100%        6
 Dispersal                Tloc           0%         N/A       100%        6
 Eringya's Noxious Bog    Tmut/Pois      0%         N/A       100%        6
 Iron Shot                Conj/Erth      13%        9d3       100%        6
 Simulacrum               Ice/Necr       0%         N/A       100%        6
 Starburst                Conj/Fire      0%         6d3       100%        6
 Statue Form              Tmut/Erth      18%        N/A       100%        6
 Summon Cactus Giant      Summ           0%         N/A       100%        6
 Orb of Destruction       Conj           0%         9d5       100%        7
 Spellforged Servitor     Conj/Summ      0%         N/A       100%        7
 Summon Hydra             Summ           0%         N/A       100%        7
 Discord                  Hex            0%         N/A       100%        8
 Disjunction              Tloc           0%         N/A       100%        8
 Ignition                 Fire           0%         3d3       100%        8
 Chain Lightning          Conj/Air       0%         N/A       100%        9
 Fire Storm               Conj/Fire      0%         5d1       100%        9
 Polar Vortex             Ice            0%         N/A       100%        9
 Shatter                  Erth           27%        3d23*     100%        9


Dungeon Overview and Level Annotations

Branches:
Dungeon (15/15)            Temple (1/1) D:4            Lair (5/5) D:11
  Swamp (4/4) Lair:2        Snake (4/4) Lair:2        Slime (5/5) Lair:5
    Orc (2/2) D:9             Elf (3/3) Orc:2        Vaults (4/5) D:13
  Crypt (3/3) Vaults:2       Tomb (0/3) Crypt:3      Depths (4/4) D:15
    Zot (5/5) Depths:4      IceCv (visited)         Gauntlet (visited)

Altars:
Ashenzari
Cheibriados
Dithmenos
Elyvilon
Fedhas
Gozag
Hepliaklqana
Kikubaaqudgha
Makhleb
Nemelex Xobeh
Okawaru
Qazlal
Ru
Sif Muna
Trog
Uskayaw
Vehumet
Wu Jian
Xom
Yredelemnul
Zin
The Shining One
Beogh
Jiyva
Lugonu

Shops:
D:3 [?   D:8 *   D:14 [   Orc:2 ?:((   Elf:2 :![   Snake:3 =((:=   Vaults:1 (
Vaults:2 !:   Depths:2 :

Portals:
Hell: Depths:1 Depths:2 Depths:3 Depths:4
Abyss: Depths:2 Depths:3 Depths:4
Pandemonium: Depths:2
Ziggurat: Depths:1


Innate Abilities, Weirdness & Mutations

You have sharp toenails.
You are partially covered in iridescent scales. (AC +2)
You are frail. (-10% HP)
Your spells are a little harder to cast, but a little more powerful.


Message History

There is an open door here.
There is a stone staircase leading up here.
You climb upwards.
There is a stone staircase leading down here.
There is a stone staircase leading up here.
You climb upwards.
There is a stone staircase leading down here.
Items here: )))) [[[.
There is a stone staircase leading up here.
You climb upwards.
There is a stone staircase leading down here.
There is a stone staircase leading up here.
You climb upwards.
There is a stone staircase leading down here.
There is an escape hatch in the ceiling here.
A mysterious force pulls you upwards. The hatch slams shut behind you.
A smoke demon comes into view.
Unknown command.
Aiming: Dig
Press: ? - help, Shift-Dir - straight line A rock wall.
This square is lit by a halo and is covered in magical glow.
The rock shatters into small pieces.
You enter the shallow water.
Moving in this stuff is going to be slow.
The smoke demon gestures at you. Something smites you!
There is a staircase leading out of the dungeon here.
You reach to attack!
You impale the smoke demon!!
The smoke demon convulses!!!
You kill the smoke demon!
The Shining One accepts your kill.
There is a staircase leading out of the dungeon here.
Unknown command.
Okay, then.
Unknown command.
As you read the scroll of summoning, it crumbles to dust.
Wisps of shadow whirl around you...
As you read the scroll of summoning, it crumbles to dust.
Wisps of shadow whirl around you...
You have escaped!

###...#
#.##PP~#
####.... #.###
#~3P##.## #....
#.# #PP~##..#
##...
#.#####~PP...##
#...
#...~P~#####.#
#... #.##P~~#
#.# #...
#.##PPP# ###.#
#### #P~P##.#
#.Kw#
#PP~##.###b@.#
#~P~......rK.#
##############
########
#.......
#.......


You could see a friendly dart slug (summoned), a friendly quokka (summoned), a
friendly bat (summoned) and 2 friendly kobolds.

Vanquished Creatures
  the Royal Jelly (Slime:5)
  3 dread liches
  3 orbs of fire (Zot:5)
  4 ancient liches
  Sojobo (Depths:1)
  Josephina (Zot:2)
  7 Killer Klowns
  Saint Roka (Snake:3)
  3 caustic shrikes
  2 curse toes
  14 golden dragons
  A profane servitor (Zot:2)
  A bone dragon (Crypt:3)
  3 electric golems
  A hellephant (Depths:3)
  19 tentacled monstrosities
  Zenata (Crypt:2)
  25 Orb Guardians
  8 quicksilver dragons
  6 liches
  3 deep elf blademasters
  The ghost of Ezureorgha the Messiah, an adept HOFi of Beogh (Vaults:3)
  16 acid blobs
  3 walking divine tomes
  5 death cobs
  4 sphinxes
  Donald (Vaults:1)
  The ghost of Sosam the Spry, an adept TeBe of Trog (Snake:4)
  An Executioner (D:10)
  A thorn hunter (Swamp:4)
  10 shadow dragons
  An ancient champion (Crypt:2)
  8 tengu reavers
  A fenstrider witch (Swamp:2)
  17 storm dragons
  5 nagarajas
  6 rockslimes
  4 draconian monks
  5 draconian knights
  A revenant (Crypt:1)
  3 fire giants
  8 vault wardens
  A daeva (Abyss:2)
  An iron dragon (Depths:2)
  6 azure jellies
  5 frost giants
  5 deep elf sorcerers (Elf:3)
  A ghost moth (Zot:2)
  4 draconian scorchers
  8 draconian shifters
  Aizul (Elf:1)
  10 ghouls
  7 deep elf elementalists (Elf:3)
  5 draconian annihilators
  11 very ugly things
  3 curse skulls
  5 quicksilver oozes
  3 draconian stormcallers
  15 ironbound preservers
  3 orc warlords
  5 war gargoyles
  3 spriggan defenders
  A caustic shrike skeleton (Crypt:3)
  11 ironbound thunderhulks
  7 green draconians
  A rockslime zombie (Crypt:2)
  13 stone giants
  3 deep elf demonologists (Elf:3)
  14 black draconians
  9 vampire knights
  Nessos (D:12)
  A lorocyproca (Depths:1)
  3 eleionomae
  9 purple draconians
  3 minotaurs
  7 white draconians
  The ghost of purpskrrrp the Brawler, a journeyman TrFi of Cheibriados (D:11)
  5 deep elf annihilators (Elf:3)
  15 yellow draconians
  3 spark wasps
  12 red draconians
  7 bunyips
  13 dire elephants
  3 eidola
  2 deep elf death magi
  Snorg (D:13)
  4 ettins
  A merfolk javelineer (Vaults:3)
  6 fire dragons
  A green death (Gauntlet)
  3 crystal guardians (Crypt:3)
  Fannar (Lair:1)
  3 deep elf high priests (Elf:3)
  2 entropy weavers (Vaults:3)
  6 great orbs of eyes
  14 jiangshi
  8 ice dragons
  2 quicksilver dragon skeletons
  A rakshasa (D:15)
  11 yaktaur captains
  6 spriggan air magi
  17 hydras
  An ogre mage (D:13)
  9 vault guards
  Harold (Orc:2)
  An ice dragon (shapeshifter) (Depths:3)
  2 ghost crabs
  15 ironbound frosthearts
  12 anacondas
  3 salamander tyrants (Snake:4)
  2 catoblepae
  3 death knights
  6 two-headed ogres
  15 centaur warriors
  Erica (Lair:2)
  4 boulder beetles
  34 dancing weapons
  4 alligators
  8 deep troll shamans
  6 tengu warriors
  3 deep troll earth magi
  17 death yaks
  9 vampire magi
  Urug (Lair:3)
  An orc high priest (D:9)
  8 hell hogs
  16 naga warriors
  8 hell knights
  8 shock serpents
  5 spriggan berserkers
  A storm dragon zombie (Crypt:2)
  15 deep elf knights
  8 naga sharpshooters
  21 skeletal warriors
  7 spriggans
  A titan zombie (Crypt:1)
  A soul eater (Gauntlet)
  Sonja (Lair:4)
  4 iron trolls
  Amaemon (Lair:1)
  5 salamander mystics (Snake:4)
  Lodul (D:13)
  2 flayed ghosts
  The ghost of McGhostyFace the Thaumaturge, a novice GnHW (D:6)
  63 deep trolls
  2 spectral hydras (Swamp:4)
  5 goliath frogs
  3 wretched stars
  4 glowing orange brains
  6 spriggan druids
  2 swamp dragons
  An obsidian statue (Zot:5)
  2 naga ritualists
  A bunyip skeleton (Crypt:2)
  2 shadow dragon zombies (Crypt:2)
  19 orc knights
  11 lindwurms
  4 bog bodies
  A golden dragon skeleton (Crypt:3)
  2 wizards
  5 harpies (Vaults:2)
  Pikel (D:7)
  7 phantasmal warriors
  2 tengu zombies
  14 necromancers
  4 deep elf archers
  27 deep elf pyromancers
  17 deep elf zephyrmancers
  2 orc sorcerers
  10 ironbound convokers
  A tengu skeleton (Vaults:4)
  A stone giant zombie (Crypt:3)
  3 oklob plants (Swamp:4)
  13 mana vipers
  5 shining eyes
  A shadow dragon skeleton (Crypt:2)
  2 will-o-the-wisps (Swamp:2)
  An iron dragon skeleton (Depths:1)
  19 ugly things
  4 cyclopes
  24 moths of wrath
  A sphinx skeleton (Vaults:4)
  A moth of wrath (shapeshifter) (Vaults:2)
  16 salamanders
  6 manticores
  A centaur zombie (D:15)
  6 apocalypse crabs (Zot:2)
  A frost giant skeleton (Depths:1)
  Maurice (Orc:1)
  An ice statue (IceCv)
  48 black mambas
  A fire giant skeleton (Depths:1)
  14 elephants
  3 gargoyles
  A torpor snail (Lair:3)
  3 orange demons
  A smoke demon (D:1)
  3 vault sentinels
  2 eyes of devastation
  22 naga magi
  12 guardian serpents
  13 cane toads
  20 yaktaurs
  3 centaur skeletons (D:13)
  3 unseen horrors
  3 kobold demonologists
  An alligator snapping turtle skeleton (Crypt:2)
  3 rime drakes
  4 spectral deep trolls (Crypt:1)
  3 tengu conjurers
  8 komodo dragons
  6 freezing wraiths
  3 spriggan skeletons
  A yellow draconian skeleton (Crypt:2)
  7 tyrant leeches
  2 harpy zombies (Crypt:3)
  3 efreet
  A golden dragon simulacrum (Zot:2)
  8 trolls
  4 hydra zombies (Swamp:4)
  3 meliai (D:12)
  2 bloated husks
  9 hornets
  A queen bee (D:12)
  An iron troll skeleton (Crypt:1)
  Grinder (D:5)
  Prince Ribbit (D:6)
  19 blink frogs
  A death drake zombie (Swamp:4)
  2 harpy skeletons (Crypt:2)
  A raiju (Lair:5)
  19 polar bears
  104 slime creatures
  A hydra skeleton (Swamp:4)
  A fire dragon zombie (Crypt:3)
  2 air elementals
  28 flying skulls (Crypt:3)
  A centaur simulacrum (Crypt:2)
  75 yaks
  A jumping spider (Vaults:3)
  A shadow (D:7)
  A vampire (D:11)
  A dire elephant simulacrum (Crypt:2)
  3 ettin skeletons
  3 water elementals
  A culicivora (Vaults:3)
  2 wyverns
  8 humans (D:11)
  A black mamba skeleton (Crypt:2)
  7 wraiths
  5 basilisks
  2 fire elementals (Elf:2)
  3 steam dragons
  4 golden eyes
  A white draconian simulacrum (Zot:2)
  2 redbacks (Vaults:3)
  A two-headed ogre zombie (Crypt:1)
  11 wargs
  13 vampire mosquitoes
  44 nagas
  Edmund (D:6)
  A demonspawn zombie (Crypt:2)
  2 naga zombies (Crypt:3)
  A glowing shapeshifter skeleton (Vaults:3)
  18 water moccasins
  4 acid dragons
  An ogre skeleton (Vaults:3)
  17 swamp worms
  A floating eye (Depths:4)
  16 hell hounds (Lair:5)
  2 moth of wrath simulacra (Zot:2)
  A deep troll skeleton (Crypt:2)
  A fire bat skeleton (Crypt:2)
  A hydra simulacrum (Swamp:4)
  8 swamp drakes
  2 ice beasts
  A two-headed ogre skeleton (Crypt:1)
  A sky beast (D:7)
  4 large abominations
  11 black bears (Lair:5)
  A swamp dragon zombie (Swamp:4)
  14 ogres
  54 orc warriors
  47 wolves
  11 boggarts
  11 centaurs
  A manticore skeleton (Crypt:2)
  A lemure (D:7)
  6 kobold brigands
  A gnoll sergeant (D:5)
  17 bullfrogs
  7 necrophages
  An earth elemental (Elf:3)
  5 scorpions
  8 wights
  A shapeshifter zombie (Crypt:1)
  A warg skeleton (Crypt:1)
  26 killer bees
  3 electric eels
  5 howler monkeys
  3 crimson imps
  Crazy Yiuf (D:7)
  3 jellies
  17 orc priests
  A gnoll bouda (D:6)
  12 human skeletons (Vaults:3)
  9 iguanas
  26 orc wizards
  A black bear skeleton (Crypt:2)
  A boggart skeleton (D:13)
  A statue (D:12)
  An acid dragon skeleton (Crypt:1)
  A hound skeleton (Crypt:1)
  4 gnolls (D:5)
  9 adders
  4 shadow imps (Gauntlet)
  7 white imps
  2 ufetubi
  A lava snake skeleton (Crypt:1)
  A worm (D:4)
  A dart slug (D:2)
  117 orcs
  5 ball pythons
  5 endoplasms
  4 giant cockroaches
  6 goblins
  6 hobgoblins
  10 jackals
  4 quokkas
  A ball python zombie (Crypt:2)
  8 bats
  2 frilled lizards
  23 kobolds
  6 rats
  A river rat zombie (Crypt:1)
  A lurking horror (Abyss:2)
2353 creatures vanquished.

Vanquished Creatures (collateral kills)
  A juggernaut (Depths:4)
  4 Killer Klowns (Zot:5)
  3 curse toes (Zot:2)
  A golden dragon (Zot:3)
  3 tentacled monstrosities
  An acid blob (Slime:5)
  An ancient champion (Crypt:2)
  2 quicksilver dragons
  2 thorn hunters (Swamp:4)
  Frances (Elf:1)
  3 death cobs
  A storm dragon (Zot:3)
  A draconian monk (Zot:1)
  A shadow dragon (Zot:1)
  An azure jelly (Slime:5)
  4 draconian knights
  2 deep elf sorcerers (Elf:3)
  A draconian scorcher (Zot:3)
  A curse skull (Crypt:2)
  A draconian stormcaller (Zot:5)
  A draconian annihilator (Zot:1)
  2 draconian shifters
  A vampire knight (Swamp:4)
  3 green draconians
  2 deep elf demonologists
  3 black draconians
  4 red draconians
  2 white draconians (Zot:3)
  7 purple draconians
  3 yellow draconians
  A deep elf annihilator (Elf:3)
  2 shambling mangroves (Swamp:4)
  A merfolk javelineer (Depths:3)
  A rakshasa (Depths:3)
  A hydra (Swamp:4)
  A centaur warrior (Vaults:1)
  6 dancing weapons
  2 alligators (Swamp:4)
  3 naga warriors (Snake:3)
  A naga sharpshooter (Snake:4)
  An orc high priest (Elf:1)
  3 hell hogs (Depths:3)
  A hell knight (Depths:4)
  A deep elf knight (Elf:3)
  2 skeletal warriors (Crypt:2)
  A swamp dragon (Swamp:4)
  An ironbound convoker (Vaults:3)
  2 wizards (D:15)
  2 deep elf archers (Elf:1)
  A necromancer (D:15)
  9 deep elf zephyrmancers (Elf:1)
  5 orc sorcerers
  2 ugly things (Depths:3)
  2 deep elf pyromancers (Elf:1)
  A shining eye (Slime:5)
  3 moths of wrath
  2 centaur zombies (D:15)
  A black mamba (Snake:3)
  4 apocalypse crabs (Zot:2)
  2 guardian serpents (Snake:4)
  A naga mage (Snake:3)
  A centaur skeleton (D:15)
  A hydra zombie (Swamp:4)
  A centaur simulacrum (D:15)
  A water elemental (Depths:3)
  2 wraiths (Crypt:2)
  4 nagas (Snake:3)
  3 hydra simulacra (Swamp:4)
  A swamp drake (Swamp:4)
  A swamp dragon zombie (Swamp:4)
  Blork the orc (D:5)
  An earth elemental (Elf:1)
  3 orcs (Snake:3)
149 creatures vanquished.

Vanquished Creatures (others)
  A draconian scorcher (Zot:1)
  A draconian annihilator (Depths:4)
  A purple draconian (Zot:1)
  A deep elf knight (Elf:2)
  A black mamba (Snake:4)
  A tengu conjurer (Depths:1)
  A shadow dragon simulacrum (Zot:2)
  A basilisk (Lair:5)
  3 orcs
  5 foxfires (Swamp:2)
  57 fungi
  131 plants
  A withered plant (Gauntlet)
205 creatures vanquished.

Grand Total: 2707 creatures vanquished

Notes
Turn   | Place    | Note
-------+----------+-------------------------------------------
     0 | D:1      | Twinkles the Hill Orc Fighter began the quest for the Orb.
     0 | D:1      | Reached XP level 1. HP: 19/19 MP: 1/1
   441 | D:1      | Reached XP level 2. HP: 27/27 MP: 2/2
   656 | D:2      | Reached skill level 4 in Fighting
   656 | D:2      | Reached XP level 3. HP: 32/33 MP: 3/3
   863 | D:2      | Reached XP level 4. HP: 13/40 MP: 2/4
  1549 | D:3      | Found Tith's Armour Emporium.
  1557 | D:3      | Bought a +2 helmet for 165 gold pieces
  1571 | D:3      | Reached XP level 5. HP: 47/47 MP: 5/5
  1699 | D:3      | Found Yguss's Magic Scroll Shoppe.
  2631 | D:4      | Noticed a kobold brigand
  2641 | D:4      | Killed a kobold brigand
  2642 | D:4      | Reached skill level 5 in Fighting
  2642 | D:4      | Reached XP level 6. HP: 50/56 MP: 4/6
  3009 | D:4      | Found a staircase to the Ecumenical Temple.
  3086 | Temple   | Entered the Ecumenical Temple
  3253 | Temple   | Upgraded the game from 0.30-a0-329-g85436e0a43 to
                  | 0.30-a0-331-g8ab09dc110
  3253 | Temple   | Became a worshipper of the Shining One
  3774 | D:5      | Entered Level 5 of the Dungeon
  3907 | D:5      | HP: 11/56 [something/puff of flame (6)]
  3909 | D:5      | Reached skill level 5 in Axes
  3920 | D:5      | Reached skill level 5 in Armour
  4070 | D:5      | Upgraded the game from 0.30-a0-331-g8ab09dc110 to
                  | 0.30-a0-335-ge5acde7520
  4182 | D:5      | Reached skill level 5 in Shields
  4182 | D:5      | Reached XP level 7. HP: 39/61 MP: 3/7
  4207 | D:5      | Noticed Blork the orc
  4215 | D:5      | Killed Blork the orc
  4220 | D:5      | Reached skill level 1 in Invocations
  4371 | D:5      | HP: 11/62 [ogre/+0 giant spiked club (25)]
  4373 | D:5      | Reached skill level 6 in Fighting
  4378 | D:5      | Reached XP level 8. HP: 14/70 MP: 2/10
  4538 | D:5      | Noticed Grinder
  4538 | D:5      | Reached * piety under the Shining One
  5682 | D:6      | Reached skill level 7 in Fighting
  5881 | D:6      | Found a runed translucent gate.
  5881 | D:6      | Found a runed translucent gate.
  5881 | D:6      | Found a runed translucent gate.
  5887 | D:6      | Noticed McGhostyFace's ghost (novice GnHW)
  5888 | D:6      | Identified the +15 plate armour "Bihew" {+Blink Dex+2
                  | Slay+3}
  5923 | D:6      | HP: 20/73 [iguana (3)]
  6104 | D:6      | Noticed Prince Ribbit
  6117 | D:6      | Killed Prince Ribbit
  6118 | D:6      | Reached skill level 5 in Invocations
  6118 | D:6      | Reached XP level 9. HP: 47/79 MP: 6/12
  6237 | D:6      | HP: 23/79 [electric eel/bolt of electricity (7)]
  6240 | D:6      | HP: 9/79 [electric eel/bolt of electricity (6)]
  6274 | D:6      | HP: 14/79 [electric eel/bolt of electricity (6)]
  6472 | D:6      | Found a roughly hewn altar of Beogh.
  6703 | D:6      | Noticed an unseen horror
  6796 | D:6      | Killed an unseen horror
  6797 | D:6      | Reached skill level 8 in Fighting
  6982 | D:6      | Noticed Edmund
  7002 | D:6      | Killed Edmund
  8043 | D:7      | Reached ** piety under the Shining One
  8438 | D:7      | Reached XP level 10. HP: 79/90 MP: 13/15
  8787 | D:7      | Found a sacrificial altar of Ru.
  8987 | D:7      | Found a runed translucent door.
  8988 | D:7      | Noticed Crazy Yiuf
  9026 | D:7      | Noticed Pikel
  9048 | D:7      | Killed Pikel
  9049 | D:7      | Reached skill level 9 in Fighting
  9262 | D:7      | Found a snail-covered altar of Cheibriados.
  9265 | D:7      | Found a white marble altar of Elyvilon.
  9268 | D:7      | Found a radiant altar of Vehumet.
  9271 | D:7      | Found an ornate altar of the Wu Jian Council.
  9348 | D:7      | Killed Crazy Yiuf
  9495 | D:8      | Found a glowing silver altar of Zin.
  9933 | D:8      | Found Beojoj's Assorted Antiques.
  9941 | D:8      | Bought a shiny helmet for 180 gold pieces
 10168 | D:8      | Noticed a two-headed ogre
 10176 | D:8      | Killed a two-headed ogre
 10177 | D:8      | Reached skill level 10 in Axes
 10212 | D:8      | Noticed a death knight
 10508 | D:8      | Reached skill level 10 in Fighting
 10732 | D:9      | Noticed a two-headed ogre
 10761 | D:9      | Killed a two-headed ogre
 10762 | D:9      | Reached XP level 11. HP: 55/101 MP: 14/18
 10774 | D:9      | HP: 27/101 [orc priest/divine providence (11)]
 11225 | D:9      | Found a staircase to the Orcish Mines.
 11326 | D:9      | Reached *** piety under the Shining One
 11544 | D:9      | Noticed a cyclops
 11564 | D:9      | Killed a cyclops
 11565 | D:9      | Reached skill level 10 in Invocations
 11839 | D:9      | Reached skill level 10 in Armour
 11920 | D:10     | Entered Level 10 of the Dungeon
 12063 | D:10     | Reached skill level 11 in Fighting
 12848 | D:10     | Noticed a +0 dagger
 12848 | D:10     | Noticed a +0 dagger
 12851 | D:10     | Found a hide-covered altar of Uskayaw.
 12925 | D:10     | Found an opulent altar of Gozag.
 13087 | D:11     | Noticed a deep elf pyromancer
 13109 | D:11     | Killed a deep elf pyromancer
 13145 | D:11     | Noticed a manticore
 13156 | D:11     | Killed a manticore
 13190 | D:11     | Found a runed translucent door.
 13190 | D:11     | Found a shimmering altar of Xom.
 13191 | D:11     | Noticed purpskrrrp's ghost (journeyman TrFi)
 13191 | D:11     | Noticed a +0 trident of chaos
 13298 | D:11     | Reached skill level 12 in Fighting
 13384 | D:11     | Reached XP level 12. HP: 112/112 MP: 19/19
 13818 | D:11     | Found a staircase to the Lair.
 14225 | Lair:1   | Entered Level 1 of the Lair of Beasts
 14238 | Lair:1   | Noticed a death yak
 14239 | Lair:1   | Noticed a death yak
 14242 | Lair:1   | Noticed a death yak
 14253 | Lair:1   | Killed a death yak
 14260 | Lair:1   | Killed a death yak
 14270 | Lair:1   | Killed a death yak
 14281 | Lair:1   | Noticed Amaemon
 14287 | Lair:1   | Killed Amaemon
 14288 | Lair:1   | Reached skill level 13 in Fighting
 15187 | Lair:1   | Noticed Fannar
 15269 | Lair:1   | You fall into a shaft and drop 1 floor!
 15303 | Lair:2   | Reached XP level 13. HP: 63/123 MP: 15/20
 15618 | Lair:2   | Reached skill level 14 in Fighting
 15667 | Lair:2   | Reached skill level 15 in Axes
 15669 | Lair:2   | Noticed Erica
 15690 | Lair:2   | Killed Erica
 15734 | Lair:2   | Found a gate leading to a gauntlet.
 15805 | Gauntlet | Entered a Gauntlet
 15805 | Gauntlet | Found a transporter.
 15813 | Gauntlet | Found a transporter.
 15815 | Gauntlet | Found a transporter.
 15830 | Gauntlet | Found a transporter.
 15831 | Gauntlet | Found a transporter.
 15833 | Gauntlet | Reached **** piety under the Shining One
 15835 | Gauntlet | Noticed a blizzard demon
 15854 | Gauntlet | Found a transporter.
 15859 | Gauntlet | Found a runed translucent door.
 15861 | Gauntlet | Found a transporter.
 15863 | Gauntlet | Found a runed translucent door.
 15870 | Gauntlet | Noticed a green death
 15871 | Gauntlet | Found a transporter.
 15876 | Gauntlet | Found a transporter.
 15876 | Gauntlet | Found a transporter.
 15904 | Gauntlet | Found a transporter.
 15904 | Gauntlet | Found a transporter.
 15937 | Gauntlet | Found a transporter.
 15959 | Gauntlet | Found a transporter.
 16258 | Gauntlet | Killed a green death
 16404 | Gauntlet | Identified the +3 whip of Makhleb's Outrage {venom, Str+3
                  | Int+3}
 16404 | Gauntlet | Noticed a minotaur
 16417 | Gauntlet | HP: 27/125 [minotaur/the +3 whip of Makhleb's Outrage
                  | {venom, Str+3 Int+3} (20)]
 16421 | Gauntlet | Killed a minotaur
 17274 | Lair:2   | Found a staircase to the Snake Pit.
 17437 | Lair:2   | Reached skill level 15 in Fighting
 17479 | Lair:2   | Found a staircase to the Swamp.
 17734 | Lair:3   | Noticed Urug
 18815 | Lair:3   | Reached XP level 14. HP: 51/135 MP: 13/21
 19245 | Lair:3   | Killed Urug
 20227 | Lair:4   | Noticed Sonja
 20362 | Lair:4   | Reached skill level 16 in Fighting
 20430 | Lair:4   | Found a frozen archway.
 20440 | IceCv    | Entered an ice cave
 20876 | IceCv    | Reached skill level 15 in Armour
 20883 | IceCv    | Reached ***** piety under the Shining One
 22381 | Lair:4   | Killed Sonja
 22534 | Lair:4   | Reached skill level 17 in Fighting
 22844 | Lair:4   | Reached skill level 1 in Dodging
 22846 | Lair:4   | Reached XP level 15. HP: 97/147 MP: 17/22
 23561 | Lair:5   | Entered Level 5 of the Lair of Beasts
 24116 | Lair:5   | Found a viscous altar of Jiyva.
 24127 | Lair:5   | Found a staircase to the Slime Pits.
 26994 | D:12     | Reached skill level 18 in Fighting
 27173 | D:12     | Found a radiant altar of Vehumet.
 27184 | D:12     | Noticed Nessos
 27206 | D:12     | Killed Nessos
 28176 | D:13     | HP: 37/149 [two-headed ogre/+0 giant spiked club (9)]
 28429 | D:13     | Reached XP level 16. HP: 157/157 MP: 23/25
 28728 | D:13     | Reached ****** piety under the Shining One
 28841 | D:13     | Noticed Snorg
 28879 | D:13     | Killed Snorg
 28880 | D:13     | Reached skill level 5 in Dodging
 29483 | D:13     | Found a gate to the Vaults.
 29671 | D:13     | Noticed Lodul
 29691 | D:13     | Killed Lodul
 30036 | Orc:1    | Entered Level 1 of the Orcish Mines
 30632 | Orc:2    | Entered Level 2 of the Orcish Mines
 30680 | Orc:2    | Found a staircase to the Elven Halls.
 31733 | Orc:2    | Found Ihing's Weapon Emporium.
 31908 | Orc:2    | Found Qiskuixe's Weapon Shop.
 32004 | Orc:2    | Found a roughly hewn altar of Beogh.
 32016 | Orc:2    | Found Kini's Book Shop.
 32016 | Orc:2    | Found Mess's Magic Scroll Emporium.
 32335 | Orc:1    | Noticed Harold
 32494 | Orc:2    | Identified a scroll of acquirement
 32826 | Orc:2    | Killed Harold
 32969 | Orc:1    | Found a roughly hewn altar of Beogh.
 33014 | Orc:1    | Noticed Maurice
 33103 | Orc:1    | Killed Maurice
 33104 | Orc:1    | Reached skill level 19 in Fighting
 33712 | D:5      | Killed Grinder
 33802 | D:3      | Bought a scroll of enchant weapon for 90 gold pieces
 33806 | D:3      | Identified a +7 trishula of holy wrath (a +5 demon trident
                  | of venom blessed by the Shining One)
 33806 | D:3      | Received a gift from the Shining One
 34478 | D:14     | Found Wopuwk's Armour Boutique.
 34941 | D:15     | Entered Level 15 of the Dungeon
 35561 | D:15     | Paralysed by an orc sorcerer for 3 turns
 35572 | D:15     | Reached XP level 17. HP: 168/168 MP: 23/27
 35576 | D:15     | Found a staircase to the Depths.
 36027 | D:11     | Killed purpskrrrp's ghost
 36505 | D:6      | Killed McGhostyFace's ghost
 36657 | D:5      | Identified the +5 trident of Guilt {vorpal, rF- rC+ Int+2}
 37316 | Lair:1   | Killed Fannar
 37845 | Swamp:1  | Entered Level 1 of the Swamp
 38952 | Swamp:2  | Reached skill level 15 in Invocations
 39104 | Swamp:2  | Paralysed by a fenstrider witch for 4 turns
 40302 | Swamp:4  | Entered Level 4 of the Swamp
 40402 | Swamp:3  | Reached skill level 20 in Fighting
 40764 | Swamp:4  | Paralysed by a vampire knight for 3 turns
 41219 | Swamp:4  | Reached XP level 18. HP: 115/179 MP: 24/30
 41246 | Swamp:4  | Found a basalt altar of Yredelemnul.
 41279 | Swamp:4  | Found a blossoming altar of Fedhas.
 41862 | Swamp:4  | Got a decaying rune of Zot
 41976 | Snake:1  | Entered Level 1 of the Snake Pit
 43155 | Snake:1  | Found a shimmering altar of Xom.
 44594 | Snake:2  | Identified the +2 ring mail of Uskayaw's Vengeance {rElec
                  | rC- Int+5}
 45383 | Snake:3  | Found Eczifuon's Jewellery Emporium.
 45447 | Snake:3  | Noticed Saint Roka
 45674 | Snake:3  | Killed Saint Roka
 45755 | Snake:3  | Found Wemp's Jewellery Boutique.
 45757 | Snake:3  | Found Liung's Antique Weapon Shop.
 45757 | Snake:3  | Found Juutefaarch's Weapon Boutique.
 45762 | Snake:3  | Found Levad's Book Shop.
 45809 | Snake:3  | Reached skill level 10 in Shields
 46121 | Snake:4  | Entered Level 4 of the Snake Pit
 46467 | Snake:4  | Identified the amulet "Ykhaym" {RegenMP rCorr Int+3 Dex+3}
 46629 | Snake:4  | Found a runed translucent door.
 46629 | Snake:4  | Found a shimmering altar of Xom.
 46629 | Snake:4  | Noticed Sosam's ghost (adept TeBe)
 46692 | Snake:4  | Reached XP level 19. HP: 173/187 MP: 29/31
 49828 | Snake:4  | Got a serpentine rune of Zot
 50174 | Elf:1    | Entered Level 1 of the Elven Halls
 50184 | Elf:1    | Reached skill level 15 in Shields
 50243 | Elf:1    | Noticed Aizul
 50252 | Elf:1    | Killed Aizul
 50296 | Elf:1    | Noticed Frances
 50302 | Elf:1    | Identified the +8 tower shield of Disguise {rN+ SInv}
 50314 | Elf:1    | Killed Frances
 50406 | Elf:1    | Reached skill level 21 in Fighting
 50565 | Elf:1    | Found an ancient bone altar of Kikubaaqudgha.
 50601 | Elf:1    | Got the Folio of Production
 51141 | Elf:2    | Found Fieceaxodi's Distillery.
 51224 | Elf:2    | Found Efenohov's Book Shop.
 51391 | Elf:2    | Paralysed by an air elemental for 1 turns
 51395 | Elf:2    | Paralysed by an air elemental for 1 turns
 51397 | Elf:2    | Paralysed by an air elemental for 1 turns
 51402 | Elf:2    | Paralysed by an air elemental for 1 turns
 51560 | Elf:2    | Identified the +4 chain mail of Grace {-Cast rElec Str+3}
 51585 | Elf:2    | Reached XP level 20. HP: 198/198 MP: 32/32
 51589 | Elf:2    | Found Jekufa's Armour Boutique.
 51671 | Elf:2    | Found a huge runed translucent gate.
 51671 | Elf:2    | Found a huge runed translucent gate.
 51671 | Elf:2    | Found a huge runed translucent gate.
 51671 | Elf:2    | Found a huge runed translucent gate.
 51673 | Elf:2    | Found a huge runed translucent gate.
 52470 | Elf:2    | Reached skill level 10 in Dodging
 53197 | Elf:3    | Entered Level 3 of the Elven Halls
 53985 | Elf:3    | Paralysed by an air elemental for 1 turns
 54629 | Elf:3    | Identified the +3 leather armour of the Unseen Realm {Str+6
                  | Dex-4}
 54630 | Elf:3    | Reached skill level 22 in Fighting
 54653 | Elf:3    | Identified the +10 falchion "Trog's Indignation" {flame,
                  | +Blink Will+ Str+4 Dex-2}
 54660 | Elf:3    | Identified the +4 scale mail "Wopriwna" {Rampage MP+9 Str+4
                  | Dex-2}
 55220 | Abyss:2  | Cast into level 2 of the Abyss (deep elf sorcerer)
 55302 | Abyss:2  | HP: 53/202 [blizzard demon/bolt of cold (32)]
 55325 | Abyss:2  | HP: 51/202 [blizzard demon/bolt of lightning (16)]
 55332 | Abyss:2  | HP: 46/202 [thrashing horror (8)]
 55405 | Abyss:3  | Found a corrupted altar of Lugonu.
 55421 | Elf:3    | Escaped the Abyss
 55468 | Elf:3    | Identified the +5 scimitar "Pibiduir" {vorpal, rElec Will+}
 56002 | Elf:3    | Identified the +9 chain mail of the Valley of Death {rC+
                  | Will+ Str+2}
 56015 | Elf:3    | Identified the +5 cloak of Boiling Hail {rElec rC+ Dex+4
                  | Stlth-}
 56031 | Elf:3    | Got Cigotuvi's Octavo of Profane Arts and
                  | Transmogrification
 56035 | Elf:3    | Identified the -1 pair of boots "Homy" {Will++}
 56465 | Snake:3  | Bought a manual of Earth Magic for 1200 gold pieces
 56669 | Vaults:1 | Entered Level 1 of the Vaults
 56777 | Vaults:1 | Reached skill level 1 in Earth Magic
 57097 | Vaults:1 | Reached XP level 21. HP: 209/209 MP: 34/34
 57656 | Vaults:1 | Noticed Donald
 57665 | Vaults:1 | Reached skill level 5 in Earth Magic
 57684 | Vaults:1 | Killed Donald
 57693 | Vaults:1 | Reached skill level 23 in Fighting
 58638 | Vaults:1 | Found Natinnoi's Antique Weapon Shoppe.
 58646 | Vaults:1 | Bought the +8 mithril axe "Arga" {speed, Will+} for 1679
                  | gold pieces
 58646 | Vaults:1 | Found the +8 mithril axe "Arga" {speed, Will+}
 58940 | Vaults:2 | Found Ydoll's Book Shoppe.
 59144 | Vaults:2 | Found Sitothroa's Distillery.
 59438 | Vaults:2 | Found a staircase to the Crypt.
 59438 | Vaults:2 | Found a basalt altar of Yredelemnul.
 59438 | Vaults:2 | Found an ancient bone altar of Kikubaaqudgha.
 59668 | Vaults:2 | You fall into a shaft and drop 2 floors!
 60099 | Vaults:4 | Reached skill level 10 in Earth Magic
 60491 | Vaults:3 | Reached skill level 24 in Fighting
 60994 | Vaults:3 | Reached XP level 22. HP: 216/224 MP: 34/36
 61028 | Vaults:3 | Found a runed translucent gate.
 61028 | Vaults:3 | Found a runed translucent gate.
 61028 | Vaults:3 | Found a runed translucent gate.
 61030 | Vaults:3 | Noticed Ezureorgha's ghost (adept HOFi)
 61030 | Vaults:3 | Found the +5 demon whip "Spellbinder" {antimagic, Will+}
 61031 | Vaults:3 | Found an iron altar of Okawaru.
 62482 | Vaults:4 | Reached skill level 25 in Fighting
 63529 | Vaults:4 | Reached skill level 15 in Earth Magic
 64046 | Depths:1 | Entered Level 1 of the Depths
 64348 | Depths:1 | Found a gateway to Hell.
 64832 | Depths:1 | Found a one-way gateway to a ziggurat.
 65042 | Depths:1 | Reached skill level 26 in Fighting
 65494 | Depths:2 | Found a transporter.
 65558 | Depths:2 | Noticed Sojobo
 65715 | Depths:1 | Reached XP level 23. HP: 216/236 MP: 26/37
 65722 | Depths:1 | Paralysed by an air elemental for 1 turns
 65731 | Depths:1 | Killed Sojobo
 65948 | Depths:2 | Noticed a golden dragon
 65970 | Depths:2 | Killed a golden dragon
 66027 | Depths:2 | Identified the +10 mace of Infection {flame, Fragile rElec
                  | rF+++ Str+3}
 66271 | Depths:2 | Found a transporter.
 66911 | Depths:2 | Found Wuracep's Book Emporium.
 66911 | Depths:2 | Noticed a caustic shrike
 66918 | Depths:2 | Killed a caustic shrike
 67229 | D:6      | Learned a level 2 spell: Passwall
 67516 | Elf:2    | Bought a book of the Earth for 576 gold pieces
 67524 | Elf:2    | Learned a level 5 spell: Lee's Rapid Deconstruction
 67930 | Depths:2 | Identified the ring "Tadytsuc" {rPois MP+9 Int+7 Slay-5
                  | SInv}
 68111 | Depths:2 | Found a one-way gate to the infinite horrors of the Abyss.
 68148 | Depths:2 | Identified the ring "Coec" {rPois rF++}
 68231 | Depths:2 | Found a one-way gate leading to the halls of Pandemonium.
 68251 | Depths:2 | Identified the ring of the Omega Point {Wiz MP+9}
 68267 | Depths:2 | Reached skill level 27 in Fighting
 68504 | Depths:3 | Noticed a caustic shrike
 68519 | Depths:3 | Killed a caustic shrike
 68541 | Depths:3 | Found a runed translucent door.
 68541 | Depths:3 | Noticed a golden dragon
 68545 | Depths:3 | Noticed a golden dragon
 68559 | Depths:2 | Killed a golden dragon
 68583 | Depths:2 | Killed a golden dragon
 68654 | Depths:3 | Noticed a golden dragon
 68673 | Depths:3 | Killed a golden dragon
 68811 | Depths:3 | Noticed a golden dragon
 68827 | Depths:3 | Killed a golden dragon
 68868 | Depths:3 | Found a runed translucent door.
 68884 | Depths:3 | Found a runed translucent door.
 68887 | Depths:3 | Found a runed translucent door.
 68987 | Depths:3 | Identified the ring of Uristucs {Wiz rElec rF+}
 68994 | Depths:3 | Got Asmodeus's Discourse on Fire
 69590 | Depths:3 | You fall into a shaft and drop 1 floor!
 69590 | Depths:4 | Entered Level 4 of the Depths
 69606 | Depths:4 | Noticed a caustic shrike
 69620 | Depths:4 | Killed a caustic shrike
 69991 | Depths:4 | Found a stormy altar of Qazlal.
 70156 | Depths:3 | Noticed a golden dragon
 70272 | Depths:3 | Reached XP level 24. HP: 196/249 MP: 24/37
 71067 | Depths:4 | Found a corrupted altar of Lugonu.
 71222 | Depths:4 | Noticed a juggernaut
 71231 | Depths:4 | Killed a juggernaut
 71473 | Depths:4 | Found a gate to the Realm of Zot.
 72049 | Depths:4 | Identified the +2 halberd of Pyun {vorpal, rF+}
 73163 | Slime:1  | Entered Level 1 of the Pits of Slime
 73185 | Lair:5   | Reached skill level 1 in Maces & Flails
 73185 | Lair:5   | Reached skill level 1 in Polearms
 73321 | Slime:2  | Gained mutation: Armour fits poorly on your strangely
                  | shaped body. [a shining eye]
 73581 | Slime:5  | Entered Level 5 of the Pits of Slime
 73716 | Slime:5  | Gained mutation: Your spells are a little easier to cast,
                  | but a little less powerful. [a shining eye]
 74166 | Slime:4  | Gained mutation: You have a pair of small horns on your
                  | head. [a shining eye]
 74168 | Slime:4  | Gained mutation: You are vulnerable to heat. (rF-) [a
                  | shining eye]
 74954 | Lair:5   | Lost mutation: Armour fits poorly on your strangely shaped
                  | body. [potion of mutation]
 74954 | Lair:5   | Lost mutation: Your spells are a little easier to cast, but
                  | a little less powerful. [potion of mutation]
 74954 | Lair:5   | Lost mutation: You have a pair of small horns on your head.
                  | [potion of mutation]
 74954 | Lair:5   | Gained mutation: Your flesh is cold resistant. (rC+)
                  | [potion of mutation]
 74954 | Lair:5   | Gained mutation: You are resistant to electric shocks.
                  | (rElec) [potion of mutation]
 74954 | Lair:5   | Gained mutation: You are agile. (Dex +4, Str/Int -1)
                  | [potion of mutation]
 74955 | Lair:5   | Lost mutation: You are agile. (Dex +4, Str/Int -1) [potion
                  | of mutation]
 74955 | Lair:5   | Lost mutation: Your flesh is cold resistant. (rC+) [potion
                  | of mutation]
 74955 | Lair:5   | Gained mutation: You have hidden genetic defects. [potion
                  | of mutation]
 74955 | Lair:5   | Gained mutation: Your system is resistant to poisons.
                  | (rPois) [potion of mutation]
 75009 | Slime:5  | Gained mutation: You are dopey. (Int -2) [a shining eye]
 75024 | Slime:5  | Reached skill level 5 in Maces & Flails
 75024 | Slime:5  | Reached skill level 5 in Polearms
 75268 | Slime:5  | Noticed the Royal Jelly
 75269 | Slime:5  | Found a viscous altar of Jiyva.
 75283 | Slime:5  | Killed the Royal Jelly
 75291 | Slime:5  | Gained mutation: Your body sometimes deteriorates upon
                  | taking damage. [a shining eye]
 75587 | Slime:5  | Got a slimy rune of Zot
 75598 | Slime:5  | Got the Verses on Battle Magic
 75615 | Slime:5  | Identified the ring "Duorphusosch" {rPois rN+}
 75633 | Slime:5  | Found the +3 pair of gauntlets of War {Slay+5}
 75639 | Slime:5  | Identified the ring "Sobixt" {*Corrode rElec rN+ Int+2
                  | Dex+3}
 75690 | Slime:5  | Identified the ring of Light {rCorr Str+3 Dex-3 Slay+4}
 76167 | Zot:1    | Entered Level 1 of the Realm of Zot
 76168 | Zot:1    | Noticed a Killer Klown
 76414 | Depths:4 | Reached XP level 25. HP: 254/257 MP: 37/37
 76440 | Depths:4 | Gained mutation: You occasionally lose the ability to drink
                  | potions when taking damage. [hidden defects]
 76679 | D:13     | Acquired the +3 Elemental Staff {rElec rF++ rC++ AC+5}
 76679 | D:13     | Found the +3 Elemental Staff {rElec rF++ rC++ AC+5}
 76682 | D:13     | Acquired the +0 tower shield "Dafick" {Str+7 Dex+3}
 76861 | Crypt:1  | Entered Level 1 of the Crypt
 77784 | Crypt:2  | Noticed Zenata
 77794 | Crypt:2  | Killed Zenata
 77879 | Crypt:2  | Gained mutation: You are frail. (-10% HP) [hidden defects]
 77879 | Crypt:2  | Lost mutation: You have hidden genetic defects. [hidden
                  | defects expressed]
 78692 | Zot:1    | Noticed a dread lich
 78889 | Depths:4 | Killed a dread lich
 79373 | Zot:1    | Reached skill level 10 in Polearms
 79757 | Zot:1    | Killed a Killer Klown
 79959 | Zot:1    | Reached XP level 26. HP: 213/239 MP: 37/37
 80505 | Zot:2    | Identified the ring "Zaimiasu" {Ice Str+2}
 80505 | Zot:2    | Noticed Josephina
 81863 | Zot:2    | Killed Josephina
 81939 | Zot:2    | Upgraded the game from 0.30-a0-335-ge5acde7520 to
                  | 0.30-a0-339-g89bb51ec76
 82599 | Zot:2    | Paralysed by you for 2 turns
 82630 | Zot:2    | Reached skill level 15 in Dodging
 82960 | Zot:2    | Identified the +7 short sword of Aqoprerph {venom, rCorr}
 82961 | Zot:2    | Identified the ring of Conflict {Will+ rCorr Dex+3}
 83500 | Zot:3    | Identified the +5 ring mail "Xokuqyuc" {Dex+4 Slay+2}
 83993 | Zot:3    | Found a transporter.
 83995 | Zot:3    | Found a transporter.
 83995 | Zot:3    | Found a transporter.
 84022 | Zot:3    | Found a transporter.
 84710 | Zot:3    | Reached skill level 1 in Evocations
 85095 | Zot:3    | Identified the +1 robe of Divine Compulsion {Str+2 Dex+2}
 85842 | Zot:4    | Reached skill level 5 in Evocations
 86497 | Crypt:3  | Entered Level 3 of the Crypt
 86535 | Crypt:3  | Reached XP level 27. HP: 245/245 MP: 37/37
 86961 | Vaults:3 | Killed Ezureorgha's ghost
 86966 | Vaults:3 | Identified the +0 leather armour of Sorcery {rF+ Will+
                  | Regen+ SInv}
 87551 | Orc:2    | Bought a scroll of summoning for 114 gold pieces
 87551 | Orc:2    | Bought a scroll of silence for 114 gold pieces
 87644 | Elf:2    | Bought a potion of resistance for 170 gold pieces
 87644 | Elf:2    | Bought a potion of attraction for 51 gold pieces
 88056 | Snake:4  | Killed Sosam's ghost
 88060 | Snake:4  | Got the Octavo of the Putrid Jaunt
 89094 | Zot:5    | Entered Level 5 of the Realm of Zot
 89840 | Crypt:3  | Found a staircase to the Tomb.
 89929 | Crypt:3  | Reached skill level 10 in Evocations
 89978 | Crypt:3  | Found a basalt altar of Yredelemnul.
 89978 | Crypt:3  | Noticed an ancient lich
 89986 | Crypt:3  | Killed an ancient lich
 91748 | Zot:5    | Noticed a dread lich
 91767 | Zot:5    | Killed a dread lich
 91822 | Zot:5    | Lost mutation: You are resistant to electric shocks.
                  | (rElec) [potion of mutation]
 91822 | Zot:5    | Lost mutation: You occasionally lose the ability to drink
                  | potions when taking damage. [potion of mutation]
 91822 | Zot:5    | Gained mutation: You are covered in fur. (AC +1) [potion of
                  | mutation]
 91822 | Zot:5    | Lost mutation: You are dopey. (Int -2) [potion of mutation]
 92956 | Zot:5    | Noticed an ancient lich
 92968 | Zot:5    | Noticed an ancient lich
 93063 | Zot:5    | Killed an ancient lich
 93119 | Zot:5    | Killed an ancient lich
 93701 | Zot:5    | Noticed a dread lich
 93701 | Zot:5    | Noticed an orb of fire
 93746 | Zot:5    | Identified the +0 tower shield of Qonep {Str+3 SInv}
 93753 | Zot:5    | Gained mutation: Your magical capacity is low. (-10% MP)
                  | [an orb of fire]
 93768 | Zot:5    | Killed an orb of fire
 93981 | Zot:5    | Killed a dread lich
 94279 | Zot:5    | Noticed an orb of fire
 94285 | Zot:5    | Gained mutation: Your body often deteriorates upon taking
                  | damage. [an orb of fire]
 94293 | Zot:5    | Gained mutation: You occasionally lose the ability to read
                  | scrolls when taking damage. [an orb of fire]
 94296 | Zot:5    | Lost mutation: Your body often deteriorates upon taking
                  | damage. [an orb of fire]
 94297 | Zot:5    | Killed an orb of fire
 94391 | Zot:5    | Noticed an ancient lich
 94465 | Zot:5    | Noticed an orb of fire
 94490 | Zot:5    | Killed an ancient lich
 94492 | Zot:5    | Gained mutation: Potions are less effective at restoring
                  | your health. [an orb of fire]
 94501 | Zot:5    | Killed an orb of fire
 94679 | Zot:5    | Lost mutation: You are frail. (-10% HP) [potion of
                  | mutation]
 94679 | Zot:5    | Lost mutation: Potions are less effective at restoring your
                  | health. [potion of mutation]
 94679 | Zot:5    | Lost mutation: Your magical capacity is low. (-10% MP)
                  | [potion of mutation]
 94679 | Zot:5    | Gained mutation: You occasionally shout uncontrollably at
                  | your foes. [potion of mutation]
 94680 | Zot:5    | Lost mutation: You are covered in fur. (AC +1) [potion of
                  | mutation]
 94680 | Zot:5    | Lost mutation: You occasionally shout uncontrollably at
                  | your foes. [potion of mutation]
 94680 | Zot:5    | Lost mutation: Your body sometimes deteriorates upon taking
                  | damage. [potion of mutation]
 94680 | Zot:5    | Gained mutation: You are frail. (-10% HP) [potion of
                  | mutation]
 94680 | Zot:5    | Gained mutation: Your spells are a little harder to cast,
                  | but a little more powerful. [potion of mutation]
 94681 | Zot:5    | Lost mutation: Your spells are a little harder to cast, but
                  | a little more powerful. [potion of mutation]
 94681 | Zot:5    | Lost mutation: You are vulnerable to heat. (rF-) [potion of
                  | mutation]
 94681 | Zot:5    | Lost mutation: Your system is resistant to poisons. (rPois)
                  | [potion of mutation]
 94681 | Zot:5    | Gained mutation: You have sharp toenails. [potion of
                  | mutation]
 94681 | Zot:5    | Lost mutation: You occasionally lose the ability to read
                  | scrolls when taking damage. [potion of mutation]
 94681 | Zot:5    | Gained mutation: You are partially covered in iridescent
                  | scales. (AC +2) [potion of mutation]
 94681 | Zot:5    | Gained mutation: Your spells are a little harder to cast,
                  | but a little more powerful. [potion of mutation]
 95496 | Zot:5    | Reached skill level 15 in Evocations
 97037 | Zot:5    | Got the Orb of Zot
 97610 | D:$      | Escaped with the Orb!

Illustrated notes

Levels and vault maps discovered:
D:1:      psy_arrival_conway, layout_basic, dreamdust_wishing_well
D:2:      layout_rooms
D:3:      minmay_door_path, layout_basic, serial_shops, nicolae_diamond_shop,
          shop
D:4:      layout_basic, minmay_temple_entry_gardened_gates, dk_vineyard_3,
          grunt_ministairs_14, kennysheep_nub
D:5:      layout_basic, uniq_grinder, uniq_blork_the_orc
D:6:      layout_basic, biasface_ghost_orc_armoury, nicolae_water_bricks,
          minmay_manual_mail, uniq_prince_ribbit1, uniq_edmund
D:7:      layout_layer_cave, nicolae_ru_the_path_less_chosen,
          grunt_temple_overflow_cloverleaf, uniq_pikel, uniq_crazy_yiuf_cottage
D:8:      minmay_chambers_of_fours, layout_loops_cross, lemuel_round_altar,
          serial_shops, shop_statue, kennysheep_generic_room_14
D:9:      layout_small_grid, hiddenorc1_lemuel
D:10:     layout_basic, dancing_weapons_uskayaw, mainiacjoe_overflow_alcove_4,
          hex_tiny
D:11:     erik_cavepeople, layout_loops_ring, grunt_lair_entry_orc_guard_hut,
          ebering_ghost_xom
D:12:     layout_basic, special_room [special_room_bee], vehumet_statue,
          uniq_nessos
D:13:     layout_loops_ring, hangedman_vaults_entry_quadrant_bands,
          hangedman_decor_lopped, uniq_snorg, uniq_lodul
D:14:     layout_loops_ring, serial_shops, shop_statue, minmay_misc_feat_columns
D:15:     grunt_enter_depths_magical_seal, layout_basic, corexii_corridor_pit
Temple:   nicolae_temple_bog_church
Lair:1:   layout_small_grid, eino_small_chamber_without_monster,
          grunt_megastairs_2, uniq_amaemon, uniq_fannar
Lair:2:   layout_regular_city, minmay_swamp_entry_worms,
          guppyfry_snake_entry_garden, gauntlet_entry_generic,
          cheibrodos_lair_reptile_den, uniq_erica
Lair:3:   layout_cave_pods, grunt_megastairs_3, uniq_urug
Lair:4:   cheibrodos_lair_river_kwai, layout_cave_pods,
          portal_ice_cave_entry_pillars_2, nicolae_lair_lil_pond,
          grunt_forest_stairs_basic, uniq_sonja
Lair:5:   guppyfry_lair_end_dragon, layout_regular_city,
          hangedman_lair_caniforms_friends, slime_entry_1, serial_bayou_lagoon_b
Swamp:1:  layout_basic_swamp, evilmike_swamp_ruin_house_4
Swamp:2:  layout_falls_marsh, hangedman_swamp_pad
Swamp:3:  layout_basic_swamp, evilmike_swamp_ruin_house_1
Swamp:4:  byrel_swamp_growth_death_and_undeath, layout_basic_swamp
Snake:1:  layout_chambers, basic_altar
Snake:2:  layout_concentric_octagons, nicolae_snake_gridmaze_zigzag
Snake:3:  nicolae_snake_hallway, layout_rooms, minmay_shop_enchanted_jewellery,
          minmay_shoptagon, serial_bayou_shore_b, uniq_saint_roka
Snake:4:  snake_pit_salamanders_mu, layout_chambers, ebering_ghost_xom,
          hangedman_venom_bottle, grunt_megastairs_4
Slime:1:  layout_caves
Slime:2:  layout_caves
Slime:3:  layout_caves
Slime:4:  layout_caves, nicolae_slime_welcoming_committee
Slime:5
Orc:1:    layout_diamond_mine, basic_altar, uniq_harold, uniq_maurice
Orc:2:    st_orc_town, layout_caves
Elf:1:    nicolae_elf_arrival_no_cutting_in_line, layout_gridlike, basic_altar,
          minmay_elf_demonology, serial_sigils_hangedman_snap, uniq_frances,
          uniq_aizul
Elf:2:    elven_hall_of_blades_hangedman_alternative [nicolae_blade_lattice],
          layout_loops_ring, serial_shops, shop, nicolae_stop_n_shop_2, shop
Elf:3:    minmay_elf_hall_x, layout_loops_corners, grunt_megastairs_5
Vaults:1: vaults_mumra_minichess, vaults_dpeg_encased_lava,
          vaults_room_stairs_pillars, nicolae_vaults_three_branches,
          hangedman_vaults_stretched_pinwheel, nicolae_vaults_murderbox,
          v_misc_10, v_misc_18, serial_ice_h, layout_vaults_omnicross,
          serial_shops, nicolae_shop_trees, uniq_donald
Vaults:2: minmay_crypt_entry_necro_gods, nicolae_vaults_little_squares_4,
          v_alt_pattern_5, ontoclasm_vaults_pinch,
          nicolae_vaults_yaktaur_gun_rack, nicolae_vaults_ring_of_whatevers,
          vaults_mumra_chevron, layout_vaults_omnigrid, serial_shops,
          nicolae_shop_statue_plus, nicolae_shop_statue_plus, shop_statue, shop,
          nicolae_shop_trees
Vaults:3: gammafunk_ghost_fury_of_okawaru, hangedman_vaults_hat,
          nicolae_vaults_little_squares_1, ontoclasm_vaults_twist,
          grunt_vaults_funnel, v_misc_8, v_rooms_4, vaults_room_pools,
          dpeg_vaults_monster_row, ontoclasm_vaults_spin, vaults_dpeg_ring,
          hangedman_vaults_corner, layout_vaults_maze_snakey
Vaults:4: nicolae_vaults_puzzle_piece, vaults_dpeg_cross,
          hangedman_vaults_snaps, grunt_vaults_hallway_long,
          hangedman_vaults_river_flow, v_rooms_4,
          ontoclasm_vaults_loading_screen, v_misc_2, nicolae_vaults_big_ls,
          nicolae_vaults_shelves_hall, vaults_room_hallway,
          layout_vaults_chaotic_city
Crypt:1:  layout_misc_corridors, grunt_ministairs_15, hex_large,
          skrybe_necro_troll_2, grunt_crypt_arrival_webbed
Crypt:2:  layout_chaotic_city, uniq_zenata
Crypt:3:  cryptofortress_bobbens
Depths:1: layout_cave_pools, enter_ziggurat_b, eino_curves_04, hell_entry,
          grunt_ministairs_14, tgw_xom
Depths:2: hangedman_spin_cycle, hell_entry, abyss_entry, pan_entry
Depths:3: impenetrable_vault, layout_cave_pools, minmay_misc_feat_rugged,
          grunt_hell_horde, abyss_entry, infiniplex_staircase_x
Depths:4: evilmike_zot_entry_diamond, layout_small_grid,
          nicolae_qazlal_style_of_elements, grunt_hell_entry_dis_mu,
          abyss_entry_flame_altar, minmay_swirly_circle
Zot:1:    ebering_klown_carousel, layout_twisted_circle
Zot:2:    gammafunk_mikee_crab_dinner, layout_concentric_octagons,
          uniq_josephina
Zot:3:    layout_onion, nicolae_diode_intersection
Zot:4:    layout_basic
Zot:5:    layout_misc_corridors

Skill      XL: |  1  2  3  4  5  6  7  8  9 10 11 12 13 14 15 16 17 18 19 20 21 22 23 24 25 26 27 |
---------------+----------------------------------------------------------------------------------+-----
Axes           | 3 4 5 6 7 9 11 12 14 16 18 | 18.0
Fighting       | 4 5 6 7 8 10 12 13 15 17 18 19 20 21 22 24 26 27 | 27.0
Armour         | 4 5 6 8 9 11 12 14 15 16 17 18 19 20 | 20.0
Shields        | 4 5 6 11 15 17 20 | 20.0
Invocations    | 2 5 7 9 10 12 14 16 17 19 20 21 24 | 24.1
Dodging        | 1 4 6 8 9 10 12 14 15 | 15.0
Earth Magic    | 3 12 15 18 19 | 19.4
Maces & Flails | 6 |  6.1
Polearms       | 6 10 | 10.1
Evocations     | 6 15 | 15.8

Action                   |  1- 3 |  4- 6 |  7- 9 | 10-12 | 13-15 | 16-18 | 19-21 | 22-24 | 25-27 || total
-------------------------+-------+-------+-------+-------+-------+-------+-------+-------+-------++-------
Melee: War axe           |    84 |    90 |       |       |       |       |       |       |       ||   174
       Falchion          |       |   110 |   180 |       |       |       |       |       |       ||   290
       Dire flail        |       |       |    52 |   643 |  1654 |   606 |       |       |       ||  2955
       Broad axe         |       |       |       |       |       |  1009 |  1342 |  1606 |   921 ||  4878
       Trishula          |       |       |       |       |       |   166 |    73 |   135 |   525 ||   899
       Headbutt          |       |       |       |       |       |       |       |     4 |       ||     4
       Staff             |       |       |       |       |       |       |       |       |     4 ||     4
       Unarmed           |       |       |       |       |       |       |       |       |     1 ||     1
Throw: Dart              |       |       |       |    13 |   141 |    38 |     8 |     1 |    10 ||   211
 Cast: Lee's Rapid Decon |       |       |       |       |       |       |       |     1 |     6 ||     7
Invok: Divine Shield     |       |       |     2 |     5 |     3 |       |       |       |       ||    10
       Cleansing Flame   |       |       |       |     8 |     7 |    11 |    10 |    17 |    25 ||    78
       Summon Divine War |       |       |       |       |       |     6 |     8 |     8 |    34 ||    56
       Brand Weapon With |       |       |       |       |       |     1 |       |       |       ||     1
 Abil: Evoke Blink       |       |       |       |       |       |       |       |       |    26 ||    26
Evoke: Wand              |       |       |     2 |       |       |     1 |       |       |     2 ||     5
       Box of beasts     |       |       |       |       |     1 |     1 |       |       |       ||     2
       Phantom mirror    |       |       |       |       |       |     1 |       |       |     1 ||     2
  Use: Scroll            |       |     7 |     2 |     6 |     9 |    14 |     4 |     7 |    15 ||    64
       Potion            |       |       |     3 |     1 |     8 |       |    10 |     5 |    14 ||    41
Armor: Scale mail        |    54 |     2 |       |       |       |       |       |       |       ||    56
       Chain mail        |       |   144 |   131 |   199 |       |       |       |       |       ||   474
       Acid dragon scale |       |       |       |   146 |   240 |       |       |       |       ||   386
       Crystal plate arm |       |       |       |       |  1033 |  1296 |   738 |   356 |       ||  3423
       Plate armour      |       |       |       |       |   135 |       |       |   418 |   611 ||  1164
       Skin              |       |       |       |       |       |       |       |       |     3 ||     3
Dodge: Dodged            |    45 |    66 |    75 |   251 |   597 |   475 |   300 |   378 |   383 ||  2570
Block: Buckler           |    24 |    40 |    49 |       |       |   165 |       |       |       ||   278
       Other             |       |       |       |    52 |    19 |       |       |       |       ||    71
       Kite shield       |       |       |       |       |       |    80 |   685 |   716 |    40 ||  1521
       Tower shield      |       |       |       |       |       |    41 |       |       |   888 ||   929
       Reflection        |       |       |       |       |       |    12 |    53 |    23 |       ||    88

Table legend: (Time is in decaauts)
 A = Elapsed time spent in this place.
 B = Non-inter-level travel time spent in this place.
 C = Inter-level travel time spent in this place.
 D = Time resting spent in this place.
 E = Time spent auto-exploring this place.
 F = Levels seen in this place.
 G = Mean time per level.
                   A        B        C        D        E       F      G
               +--------+--------+--------+--------+--------+-----+--------+
         Total |  95977 |  76596 |  19381 |  10885 |  45310 |  59 | 1626.7 |
       Dungeon |  25702 |  19539 |   6163 |   2150 |  12986 |  15 | 1713.5 |
        Temple |    178 |    156 |     22 |      0 |    140 |   1 |  178.0 |
          Lair |  11043 |   8936 |   2107 |   1260 |   5058 |   5 | 2208.6 |
         Swamp |   4307 |   3721 |    586 |    656 |   2097 |   4 | 1076.8 |
     Snake Pit |   8587 |   7627 |    960 |    791 |   5189 |   4 | 2146.8 |
    Slime Pits |   1862 |   1389 |    473 |    701 |    155 |   5 |  372.4 |
  Orcish Mines |   2792 |   2332 |    460 |    245 |   1200 |   2 | 1396.0 |
   Elven Halls |   6512 |   5252 |   1260 |    773 |   3058 |   3 | 2170.7 |
        Vaults |   8208 |   6374 |   1834 |    256 |   4702 |   4 | 2052.0 |
         Crypt |   3360 |   2963 |    397 |     39 |   2115 |   3 | 1120.0 |
        Depths |   8750 |   6741 |   2009 |   1433 |   3624 |   4 | 2187.5 |
           Zot |  11938 |   8830 |   3108 |   2345 |   3736 |   5 | 2387.6 |
         Abyss |    181 |    181 |      0 |      0 |      0 |   2 |   90.5 |
      Ice Cave |   1737 |   1737 |      0 |    149 |   1084 |   1 | 1737.0 |
      Gauntlet |    814 |    814 |      0 |     84 |    163 |   1 |  814.0 |
               +--------+--------+--------+--------+--------+-----+--------+

Top non-repeatable levels by time:
   Zot:5: 4361 daAuts
 Snake:4: 3879 daAuts
     D:6: 3061 daAuts
  Lair:5: 2876 daAuts
Depths:4: 2792 daAuts
     D:9: 2643 daAuts
    D:13: 2595 daAuts
Vaults:1: 2540 daAuts
  Lair:3: 2504 daAuts
   Elf:2: 2489 daAuts
   Elf:3: 2455 daAuts
Depths:2: 2308 daAuts
  Lair:2: 2114 daAuts
Depths:1: 2103 daAuts
   Zot:4: 2066 daAuts
